 Dungeon Crawl Stone Soup version 0.28-a0-1506-g3893175d92 (webtiles) character file.

Game seed: 9120253536120553734

86 HallandMoats the Skirmisher (level 4, 0/41 HPs)
             Began as a Ghoul Fighter on Jan 14, 2022.
             Was a Follower of Ashenzari.
             Slain by an orc wizard (4 damage)
             ... on level 4 of the Dungeon.
             The game lasted 00:02:49 (2269 turns).

HallandMoats the Skirmisher (Ghoul Fighter)         Turns: 2269, Time: 00:02:50

Health: 0/41       AC:  6    Str: 19    XL:     4   Next: 49%
Magic:  3/3        EV:  9    Int:  5    God:    Ashenzari [*.....]
Gold:   138        SH:  0    Dex:  8    Spells: 3/3 levels left

rFire   . . .      SeeInvis .   a - +1 spear (venom)
rCold   + . .      Faith    .   c - +0 buckler "Share My Insecurity" {Self, Range} (curse)
rNeg    + + +      Spirit   .   i - +0 scale mail
rPois   ∞          Reflect  .   (no helmet)
rElec   .          Harm     .   (no cloak)
rCorr   .          Rampage  .   (no gloves)
Will    .....                   (no boots)
Stlth   ..........              o - amulet of the Restrained Seer {RegenMP, Bglg, Range} (curse)
HPRegen 0.00/turn               (no ring)
MPRegen 0.48/turn               (no ring)

@: confused, inhibited regen
A: claws 1, cold resistance 1, negative energy resistance 3, inhibited
regeneration, torment resistance 2
a: Renounce Religion, Curse Item, Shatter the Chains


You were on level 4 of the Dungeon.
You worshipped Ashenzari.
Ashenzari was aware of your devotion.
You visited 1 branch of the dungeon, and saw 4 of its levels.

You collected 138 gold pieces.

Inventory:

Hand Weapons
 a - a +1 spear of venom (weapon)
 b - a +0 hunting sling
 p - a +0 long sword
Missiles
 h - 19 sling bullets
 n - 105 stones
Armour
 c - the cursed +0 buckler "Share My Insecurity" (worn) {Self, Range}

   It has a curse which improves the following skills: Introspection: Fighting
   and Spellcasting.
   Ranged Combat: Slings, Bows, Crossbows and Throwing.
 i - a +0 scale mail (worn)
Jewellery
 o - the cursed amulet of the Restrained Seer (around neck) {RegenMP, Bglg, Range}
   (You found it on level 2 of the Dungeon)

   [amulet of magic regeneration]

   It increases your rate of magic regeneration.
   It has a curse which improves the following skills: Beguiling: Conjurations,
   Hexes and Translocations.
   Ranged Combat: Slings, Bows, Crossbows and Throwing.
Scrolls
 f - a scroll of noise
 g - 3 scrolls of identify
 j - a scroll of immolation
 k - a scroll of teleportation
 l - a scroll of brand weapon
 m - a scroll of enchant weapon
 q - a scroll of amnesia
 r - a scroll of magic mapping
Potions
 d - a potion of might
 e - 3 potions of curing


   Skills:
 * Level 3.8(4.6) Fighting
 * Level 2.4 Long Blades
 * Level 1.1(2.0) Slings
 + Level 3.0 Armour
 + Level 1.0 Dodging
 * Level 3.1 Shields


You had 3 spell levels left.
You didn't know any spells.
Your spell library contained the following spells:

 Spells                   Type           Power      Damage    Failure   Level
 Stone Arrow              Conj/Erth      0%         3d7       99%         3
 Animate Armour           Summ/Erth      0%         N/A       100%        4
 Lehudib's Crystal Spear  Conj/Erth      0%         10d2      100%        8


Dungeon Overview and Level Annotations

Branches:
Dungeon (4/15)
 Temple: D:4-7

Altars:
Ashenzari
Sif Muna

Shops:
D:3 =??


Innate Abilities, Weirdness & Mutations

You thrive by killing the living.
You are immune to poison.
You have sharp fingernails.
Your flesh is cold resistant. (rC+)
You are immune to negative energy. (rN+++)
You do not regenerate when monsters are visible.
You are immune to unholy pain and torment.


Message History

The adder skeleton barely misses you.
Found an escape hatch in the ceiling.
The adder skeleton bites you. The orc completely misses you.
The adder skeleton closely misses you. The orc wizard closely misses you.
You bump into the rock wall.
The orc wizard points at you and mumbles some strange words.
The magic dart hits you!
The adder skeleton bites you but does no damage.
You barely miss the adder skeleton.
The adder skeleton is severely damaged.
You feel less confused.
The orc wizard mumbles some strange words.
The orc wizard flickers and vanishes!
Deactivating autopickup; reactivate with Ctrl-A.
The adder skeleton bites you but does no damage.
Something hits you.
You hit the adder skeleton.
You destroy the adder skeleton!
You hear some strange, mumbled words.
You are confused.
You closely miss the orc. The orc barely misses you. Something hits you.
A magic dart appears from out of thin air!
The magic dart hits you. The orc barely misses you.
You hear some strange, mumbled words.
A puff of flame appears from out of thin air!
The puff of flame hits you!
You miss something. The orc hits you with a +0 falchion.
* * * LOW HITPOINT WARNING * * *
You hear some strange, mumbled words.
A magic dart appears from out of thin air!
The magic dart hits you.
* * * LOW HITPOINT WARNING * * *
You hear a distant slurping noise.
You miss something. The orc barely misses you.
You hear some strange, mumbled words.
You are more confused.
Unknown command.
You closely miss the orc. The orc misses you. Something hits you.
You die...

.... ..... .....
....#+##+###+#
#............
+...$........
#(.........<.
#............
+####...@o.......
.......{.########
.........'...#
.......(>#.<.#
......(..#...#
....$(...#####
....(...##
...(....+
..(.....#


You could see an orc.

Vanquished Creatures
  3 adders
  An adder skeleton (D:4)
  3 worms
  3 orcs
  7 ball pythons
  4 endoplasms
  A giant cockroach (D:2)
  5 hobgoblins
  3 jackals (D:1)
  3 kobolds
  4 bats
  A frilled lizard (D:3)
  4 goblins
  A rat (D:1)
43 creatures vanquished.

Notes
Turn   | Place    | Note
-------+----------+-------------------------------------------
     0 | D:1      | HallandMoats the Ghoul Fighter began the quest for the Orb.
     0 | D:1      | Reached XP level 1. HP: 19/19 MP: 0/0
   324 | D:1      | Reached XP level 2. HP: 26/26 MP: 1/1
   524 | D:1      | Found a faded altar of an unknown god.
   603 | D:1      | Prayed at the altar of an unknown god.
   603 | D:1      | Became a worshipper of Ashenzari the Shackled
   750 | D:2      | Reached XP level 3. HP: 33/33 MP: 2/2
  1310 | D:3      | Reached XP level 4. HP: 39/40 MP: 3/3
  1313 | D:3      | Reached skill level 1 in Slings
  1341 | D:3      | Found Goacuhy's Jewellery Shoppe.
  1354 | D:3      | Reached * piety under Ashenzari
  1705 | D:3      | Found Riuble's Magic Scroll Shoppe.
  1815 | D:3      | Found Iteom's Magic Scroll Emporium.
  1958 | D:3      | Reached skill level 1 in Dodging
  1990 | D:3      | Found a shimmering blue altar of Sif Muna.
  2269 | D:4      | Slain by an orc wizard

Illustrated notes

Levels and vault maps discovered:
D:1:      onia_arrival_pentagram, layout_basic, dreamdust_ecumenical_altar_grove
D:2:      layout_rooms
D:3:      layout_basic, general_overflow_altar, serial_glass, glass_columns_c,
          glass_columns_b, feat_on_display, feat_on_display, feat_on_display,
          serial_shops, shop_statue, shop, shop
D:4:      layout_gridville, minmay_snake_closets

Skill      XL: |  1  2  3  4 |
---------------+-------------+-----
Long Blades    | 2 |  2.4
Shields        | 3 |  3.1
Armour         | 3 |  3.0
Slings         | 1 |  1.1
Dodging        | 1 |  1.0
Fighting       | |  3.8

Action                   |  1- 3 |  4- 6 || total
-------------------------+-------+-------++-------
Melee: Long sword        |    15 |       ||    15
       Spear             |       |     6 ||     6
 Fire: Hunting sling     |    82 |    47 ||   129
Invok: Curse Item        |     1 |     1 ||     2
Armor: Scale mail        |    33 |    11 ||    44
Dodge: Dodged            |    27 |    15 ||    42
Block: Buckler           |    15 |     2 ||    17

Table legend: (Time is in decaauts)
 A = Elapsed time spent in this place.
 B = Non-inter-level travel time spent in this place.
 C = Inter-level travel time spent in this place.
 D = Time resting spent in this place.
 E = Time spent auto-exploring this place.
 F = Levels seen in this place.
 G = Mean time per level.
                   A        B        C        D        E       F      G
               +--------+--------+--------+--------+--------+-----+--------+
         Total |   2297 |   2218 |     79 |      0 |   1825 |   4 |  574.2 |
       Dungeon |   2297 |   2218 |     79 |      0 |   1825 |   4 |  574.2 |
               +--------+--------+--------+--------+--------+-----+--------+

Top non-repeatable levels by time:
     D:3: 939 daAuts
     D:1: 745 daAuts
     D:2: 576 daAuts
     D:4: 35 daAuts
